 Dungeon Crawl Stone Soup version 0.15-a0-1935-g327597e (webtiles) character file.

35392 Amnesiac the Transmogrifier (level 13, 0/127 HPs)
             Began as an Ogre Transmuter on July 7, 2014.
             Was the Champion of Dithmenos.
             Succumbed to a redback's poison
             ... on Level 1 of the Elven Halls.
             The game lasted 01:52:15 (26263 turns).

Amnesiac the Transmogrifier (Ogre Transmuter)      Turns: 26263, Time: 01:52:15

HP   0/127       AC 26     Str 18      XL: 13   Next: 83%
MP  31/31        EV  9     Int 12      God: Dithmenos [******]
Gold 435         SH  2     Dex 14      Spells:  4 memorised, 18 levels left

rFire  . . .     SeeInvis +       - Unarmed
rCold  . . .     Clarity  .     e - +2 pearl dragon armour
rNeg   + . .     rCorr    .     (shield restricted)
rPois  .         rRot     .     (helmet restricted)
rElec  .         Spirit   .     c - +2 cloak {+Inv}
SustAb .         Warding  .     (gloves unavailable)
rMut   .         Stasis   .     (boots unavailable)
Gourm  .                        (no amulet)
MR     ++...                    k - ring of protection from magic
                                y - +3 ring of protection

@: lethally poisoned, very slightly contaminated, wreathed by umbra, very
resistant to hostile enchantments, very unstealthy
A: unfitting armour, large bone plates 1, molten scales 1, camouflage 1, see
invisible, tough skin 1
a: Shadow Step, Shadow Form, Renounce Religion, Evoke Invisibility


You were on level 1 of the Elven Halls.
You worshipped Dithmenos.
Dithmenos was exalted by your worship.
You were very hungry.

You visited 4 branches of the dungeon, and saw 19 of its levels.
You also visited: Bailey.

You collected 1911 gold pieces.
You spent 1476 gold pieces at shops.

Inventory:

Missiles
 b - 414 arrows
 h - 3 throwing nets (quivered)
 J - 4 steel javelins
 P - 9 large rocks
 V - 9 arrows of dispersal
Armour
 c - a +2 cloak of darkness (worn)
 e - a +2 pearl dragon armour (worn)
 g - a +0 troll leather armour
Magical devices
 i - a wand of heal wounds (0)
 l - a wand of random effects (11) {unknown}
 L - a wand of enslavement (0)
 Q - a wand of digging (15)
Comestibles
 a - 4 meat rations
 m - 3 bread rations
 S - 2 fruits
 T - a slice of pizza
 Y - 2 royal jellies
Scrolls
 j - 3 scrolls of teleportation
 o - 6 scrolls of remove curse
 p - a scroll of amnesia
 r - a scroll of blinking
 t - a scroll of magic mapping
 u - 2 scrolls of enchant weapon
 A - 4 scrolls of recharging
Jewellery
 f - an uncursed ring of see invisible
 k - a ring of protection from magic (right hand)
 y - a +3 ring of protection (left hand)
 z - an uncursed ring of protection from fire
 K - an uncursed ring of flight
 M - an uncursed ring of teleportation
 O - the ring "Agegeghu" {Ice SInv}
   (You found it on level 6 of the Dungeon)

   [ring of ice]

   It enhances your ice magic, and weakens your fire magic.
   It makes you vulnerable to fire.
   It protects you from cold.
   It enhances your eyesight.
 R - an uncursed ring of stealth
Potions
 n - a potion of magic
 q - a potion of agility
 s - 2 potions of might
 x - a potion of lignification
 G - 3 potions of restore abilities
 N - a potion of brilliance
Books
 d - a book of Changes

   Spells                             Type                      Level
   Beastly Appendage                  Transmutation                1
   *Sticks to Snakes                  Transmutation                2
   *Spider Form                       Transmutation/Poison         3
   *Ice Form                          Ice/Transmutation            4
   *Blade Hands                       Transmutation                5
 U - a book of Transfigurations

   Spells                             Type                      Level
   Stoneskin                          Transmutation/Earth          2
   *Ice Form                          Ice/Transmutation            4
   Statue Form                        Transmutation/Earth          6
   Dragon Form                        Transmutation                7


   Skills:
 - Level 8.0 Fighting
 - Level 9.0 Armour
 - Level 8.0 Dodging
 - Level 8.0 Unarmed Combat
 - Level 10.0 Spellcasting
 + Level 10.8 Transmutations


You had 18 spell levels left.
You knew the following spells:

 Your Spells              Type           Power        Failure   Level  Hunger
b - Blade Hands           Trmt           ####......   12%         5    #####..
c - Ice Form              Ice/Trmt       ###.......   38%         4    ####...
d - Sticks to Snakes      Trmt           ####......   1%          2    None
q - Spider Form           Trmt/Pois      ###.......   12%         3    ##.....


Dungeon Overview and Level Annotations

Branches:
Dungeon (13/15)            Temple (1/1) D:6             Orc (4/4) D:11
    Elf (1/3) Orc:4          Lair (0/8) D:11
 Vaults: D:13-14

Altars:
Ashenzari
Cheibriados
Dithmenos
Elyvilon
Fedhas
Gozag
Kikubaaqudgha
Makhleb
Nemelex Xobeh
Okawaru
Qazlal
Sif Muna
Trog
Vehumet
Xom
Yredelemnul
Zin
The Shining One

Shops:
D:4 [   D:5 [*=*   D:9 (   D:11 [   Orc:4 *:*%


Innate Abilities, Weirdness & Mutations

You are too large for most types of armour.
You have tough skin (AC +1).*
You are partially covered in large bone plates (AC +2, SH +2).*
You are partially covered in molten scales (AC +1).*
Your skin changes colour to match your surroundings (Stealth).*
You have supernaturally acute eyesight.


Message History

Dithmenos accepts your kill.
You feel a bit more experienced.
Use which ability? (? or * to list)
Okay, then.
Use which ability? (? or * to list)
Okay, then.
Use which ability? (? or * to list)
Your transformation has ended.
Your +2 cloak of darkness unmelds from your body.
You become transparent for a moment.
Your +2 pearl dragon armour unmelds from your body.
* * * LOW HITPOINT WARNING * * *
You feel very sick.
Drink which item? (? for menu, Esc to quit)
Okay, then.
Evoke which item? (* to show all) (? for menu, Esc to quit)
Zapping:
i - a wand of heal wounds {zapped: 5}
Press: ? - help, Shift-Dir - straight line, f - you Nothing appears to happen.
You die...

########### ####
........... ....
...............
###..##############
#..#...§........# .
#..#...)§e......#
..#..'e.####'###..#
..#..#..# ...#@.# #
..#..#..######'#..#..#
. #..#....e.......'..#
#..#............#..#
+re###########'##..#
#... .. ... .# #s..
... .... .# . ##+#
.#### # ..


There were no monsters in sight!

Vanquished Creatures
  Nikola (Elf:1)
  An orc warlord (Bailey)
  The ghost of letownia the Basher, a powerful KoAs of Trog (D:12)
  A hydra (D:10)
  Erica (Elf:1)
  Erolcha (D:11)
  2 deep elf knights
  2 deep elf summoners (Elf:1)
  A hill giant (D:8)
  Pikel (D:8)
  8 orc knights
  3 deep elf conjurers (Elf:1)
  2 cyclopes
  Maurice (D:11)
  A gargoyle (D:9)
  2 komodo dragons (D:11)
  2 deep elf priests (Elf:1)
  Grinder (D:4)
  7 trolls
  A two-headed ogre (D:8)
  5 slime creatures (D:12)
  2 redbacks (Elf:1)
  A shadow (D:11)
  7 deep elf magi
  A wraith (D:8)
  A human (shapeshifter) (Elf:1)
  2 hippogriffs
  7 deep elf fighters
  4 wyverns
  A hungry ghost (D:7)
  2 wargs
  2 water moccasins
  A swamp drake (D:11)
  8 ogres
  3 phantoms
  2 necrophages
  5 sky beasts
  3 slaves (D:8)
  2 ice beasts
  A black bear (D:9)
  46 orc warriors
  14 centaurs
  A yellow wasp (D:10)
  3 crocodiles (D:11)
  5 giant frogs
  A water moccasin zombie (D:10)
  A wyvern skeleton (D:10)
  2 scorpions (D:4)
  An electric eel (Orc:3)
  3 goliath beetles
  5 wights (D:10)
  4 crimson imps
  2 centaur zombies
  2 jellies
  4 hounds
  A gnoll shaman (D:7)
  18 orc priests
  7 worker ants
  27 orc wizards
  Natasha (twice) (D:3)
  3 orange rats (Elf:1)
  8 iguanas
  4 sheep (Orc:4)
  An ogre zombie (D:7)
  Ijyb (D:6)
  A mottled dragon skeleton (D:7)
  A hound skeleton (D:4)
  A hound zombie (D:4)
  An ogre skeleton (D:8)
  A mummy (D:6)
  14 gnolls
  12 adders
  A scorpion zombie (D:6)
  An orc skeleton (D:4)
  4 shadow imps
  2 giant mites
  An iguana skeleton (D:5)
  173 orcs
  A bat skeleton (D:5)
  A giant cockroach (D:2)
  47 goblins
  30 hobgoblins
  2 oozes
  12 bats
  4 giant geckos
  4 giant newts
  2 giant spores
  A goblin skeleton (D:5)
  A hobgoblin zombie (D:7)
  9 jackals
  11 kobolds
  6 quokkas
  15 rats
  13 ballistomycetes
638 creatures vanquished.

Vanquished Creatures (collateral kills)
  An orc warlord (Orc:4)
  An oklob plant (D:6)
  The ghost of Herrn the Shield-Bearer, an experienced GrFi of Cheibriados (D:6)
  A troll (Orc:3)
  A warg (Orc:4)
  An orc warrior (Bailey)
  An orc priest (Orc:4)
  5 orcs
  Natasha (D:3)
  A ball python (D:3)
  3 hobgoblins
17 creatures vanquished.

Vanquished Creatures (others)
  A slave (D:8)
  A worker ant (D:8)
  An orc (Orc:1)
  2 giant spores
  2 ballistomycetes (D:9)
  3 butterflies (Bailey)
10 creatures vanquished.

Grand Total: 665 creatures vanquished

Notes
Turn   | Place    | Note
--------------------------------------------------------------
     0 | D:1      | Amnesiac, the Ogre Transmuter, began the quest for the Orb.
     0 | D:1      | Reached XP level 1. HP: 19/19 MP: 3/3
   239 | D:1      | Reached XP level 2. HP: 17/27 MP: 3/5
   243 | D:1      | Learned a level 2 spell: Sticks to Snakes
   426 | D:3      | Noticed Natasha
   438 | D:3      | Killed Natasha
   438 | D:3      | Reached XP level 3. HP: 7/33 MP: 1/6
   449 | D:3      | HP: 1/33 [hobgoblin (3)]
   729 | D:2      | Learned a level 3 spell: Spider Form
   779 | D:3      | Noticed Natasha
   791 | D:3      | Killed Natasha
   806 | D:3      | HP: 1/33 [Natasha/wand of magic darts (9)]
   807 | D:3      | Noticed Natasha
   815 | D:3      | Killed Natasha
  1107 | D:3      | Found a glowing silver altar of Zin.
  1140 | D:4      | Found a shimmering altar of Xom.
  1140 | D:4      | Found a shattered altar of Ashenzari.
  1155 | D:4      | Reached skill level 3 in Spellcasting
  1276 | D:3      | Reached XP level 4. HP: 37/41 MP: 2/9
  1706 | D:4      | Found Peluymmu's Antique Armour Shop.
  1735 | D:4      | Noticed Grinder
  1742 | D:4      | Reached XP level 5. HP: 48/48 MP: 6/11
  1772 | D:4      | Paralysed by Grinder for 7 turns
  1785 | D:4      | Paralysed by Grinder for 5 turns
  1788 | D:4      | HP: 1/49 [Grinder (6)]
  2123 | D:3      | Found an iron altar of Okawaru.
  2338 | D:4      | Noticed a scorpion
  2346 | D:4      | Killed a scorpion
  2397 | D:4      | Reached XP level 6. HP: 51/61 MP: 5/13
  2586 | D:5      | Entered Level 5 of the Dungeon
  2586 | D:5      | Found a sparkling altar of Nemelex Xobeh.
  2682 | D:4      | Got an encrusted spear
  2683 | D:4      | Identified the +9 spear of Xom's Reproof {pain, +Rage rF- rC++ Str+2 Dex+3 SInv} (You took it off a kobold on level 4 of the Dungeon)
  3144 | D:4      | Noticed a scorpion
  3150 | D:4      | Killed a scorpion
  3150 | D:4      | Reached skill level 4 in Transmutations
  3289 | D:4      | Paralysed by Grinder for 4 turns
  3299 | D:4      | Paralysed by Grinder for 3 turns
  3309 | D:4      | Killed Grinder
  3309 | D:4      | Reached XP level 7. HP: 20/71 MP: 13/15
  3550 | D:5      | Found Exoomp's Assorted Antiques.
  3576 | D:5      | Bought a scroll labeled TINETE CLEREKU for 20 gold pieces
  3576 | D:5      | Bought a slimy brown potion for 18 gold pieces
  3576 | D:5      | Bought 2 cyan potions for 36 gold pieces
  3631 | D:5      | Found Lifiovvui's Jewellery Boutique.
  3692 | D:5      | Found Abiy's Armour Shoppe.
  3730 | D:5      | Reached skill level 5 in Fighting
  3733 | D:5      | Reached skill level 5 in Unarmed Combat
  3864 | D:5      | Identified a +1 rod of striking (14/14) (You found it on level 5 of the Dungeon)
  4055 | D:5      | Found Lemafirchu's Assorted Antiques.
  4061 | D:5      | Bought a scroll labeled IWKUREAPTA for 27 gold pieces
  4061 | D:5      | Bought 2 fuming blue potions for 48 gold pieces
  4118 | D:5      | Reached XP level 8. HP: 67/81 MP: 13/17
  4451 | D:6      | Noticed Herrn's ghost (experienced GrFi)
  4451 | D:6      | Reached skill level 6 in Unarmed Combat
  4698 | D:6      | Found a staircase to the Ecumenical Temple.
  4710 | D:6      | Found a shimmering altar of Xom.
  4712 | Temple   | Entered the Ecumenical Temple
  4736 | Temple   | Became a worshipper of Dithmenos the Shadowed
  5764 | D:5      | Bought a scroll labeled GHOXUI LAXKIWK for 27 gold pieces
  6544 | D:6      | Noticed Ijyb
  6552 | D:6      | Killed Ijyb
  6575 | D:6      | Noticed a wyvern
  6595 | D:6      | Killed a wyvern
  7318 | D:7      | Reached skill level 5 in Dodging
  7578 | D:7      | Reached XP level 9. HP: 55/89 MP: 19/19
  8230 | D:8      | Noticed a cyclops
  8568 | D:6      | Got a flickering iron ring
  8590 | D:6      | Noticed an oklob plant
  9164 | D:7      | Acquired Dithmenos' first power
  9388 | D:6      | Killed an oklob plant
  9418 | D:6      | Identified the ring "Agegeghu" {Ice SInv} (You found it on level 6 of the Dungeon)
  9574 | D:5      | Reached skill level 5 in Spellcasting
  9574 | D:5      | Reached skill level 5 in Transmutations
 10352 | D:8      | Noticed Pikel
 10386 | D:8      | Killed Pikel
 10386 | D:8      | Reached skill level 7 in Spellcasting
 10386 | D:8      | Reached XP level 10. HP: 44/98 MP: 22/25
 11089 | D:9      | Learned a level 5 spell: Blade Hands
 11094 | D:9      | Learned a level 4 spell: Ice Form
 11744 | D:9      | Found Shreiza's Antique Weapon Shop.
 12001 | D:9      | Found a snail-covered altar of Cheibriados.
 12515 | D:9      | Reached skill level 8 in Transmutations
 12533 | D:10     | Entered Level 10 of the Dungeon
 12549 | D:10     | Acquired Dithmenos' second power
 12574 | D:10     | Noticed a hill giant
 12645 | D:8      | a hill giant (ally) was killed
 12651 | D:8      | Killed a cyclops
 13000 | D:6      | Killed Herrn's ghost
 13000 | D:6      | Reached skill level 1 in Armour
 13293 | D:10     | Reached XP level 11. HP: 105/105 MP: 24/27
 13315 | D:10     | Noticed a four-headed hydra
 13684 | D:10     | Killed a four-headed hydra
 13684 | D:10     | Reached skill level 5 in Armour
 14359 | D:10     | You fall through a shaft for 2 floors!
 14377 | D:12     | Noticed letownia's ghost (powerful KoAs)
 14396 | D:11     | Noticed Erolcha
 14986 | D:12     | HP: 4/105 [slime creature (21)]
 15120 | D:12     | Killed letownia's ghost
 15120 | D:12     | Reached skill level 9 in Spellcasting
 15770 | D:11     | Killed Erolcha
 15887 | D:11     | Acquired Dithmenos' third power
 16001 | D:11     | Found a staircase to the Lair.
 16374 | D:11     | Reached XP level 12. HP: 38/115 MP: 29/29
 16586 | D:11     | Found Goipnuz's Armour Emporium.
 16588 | D:11     | Found a staircase to the Orcish Mines.
 16877 | Orc:1    | Entered Level 1 of the Orcish Mines
 16881 | Orc:1    | Noticed Maurice
 16916 | D:11     | Killed Maurice
 17523 | Orc:2    | Acquired Dithmenos' fourth power
 18396 | Orc:3    | Found an iron altar of Okawaru.
 18433 | Orc:3    | Found a flagged portal.
 18449 | Bailey   | Entered a bailey
 19225 | Bailey   | Noticed an orc warlord
 19386 | Bailey   | Identified a scroll of acquirement
 19845 | Bailey   | Killed an orc warlord
 20575 | Orc:4    | Entered Level 4 of the Orcish Mines
 21384 | Orc:4    | Found a staircase to the Elven Halls.
 21790 | Orc:4    | Reached XP level 13. HP: 39/124 MP: 26/30
 21803 | Orc:4    | HP: 6/124 [orc warrior/ bolt (18)]
 22431 | D:5      | Bought a +0 pearl dragon armour for 1300 gold pieces
 22637 | Orc:4    | Upgraded the game from 0.15-a0-1914-g8cb84b8 to 0.15-a0-1935-g327597e
 23038 | Orc:4    | Found Juajeoh's General Store.
 23038 | Orc:4    | Found Zaox's Book Shop.
 23041 | Orc:4    | Found Ihalism's General Store.
 23043 | Orc:4    | Found Trieril's Food Emporium.
 23237 | Orc:4    | Reached skill level 10 in Spellcasting
 23441 | Orc:4    | Noticed an orc warlord
 23783 | Orc:3    | Reached skill level 10 in Transmutations
 24693 | Orc:4    | Killed an orc warlord
 24742 | Elf:1    | Entered Level 1 of the Elven Halls
 24769 | Elf:1    | Gained mutation: You are partially covered in large bone plates (AC +2, SH +2). [potion of beneficial mutation]
 24907 | Elf:1    | Gained mutation: You are weak. (Str -2) [mutagenic meat]
 24908 | Elf:1    | Gained mutation: You tend to lose your temper in combat. [mutagenic meat]
 24909 | Elf:1    | Gained mutation: Your skin changes colour to match your surroundings (Stealth). [mutagenic meat]
 25320 | Elf:1    | Gained mutation: Your magical capacity is low (-10% MP). [potion of mutation]
 25320 | Elf:1    | Gained mutation: You are somewhat resistant to further mutation. [potion of mutation]
 25320 | Elf:1    | Gained mutation: You have supernaturally acute eyesight. [potion of mutation]
 25322 | Elf:1    | Gained mutation: You are partially covered in molten scales (AC +1). [potion of mutation]
 25323 | Elf:1    | Lost mutation: You tend to lose your temper in combat. [potion of cure mutation]
 25323 | Elf:1    | Lost mutation: You are weak. (Str -2) [potion of cure mutation]
 25323 | Elf:1    | Lost mutation: Your magical capacity is low (-10% MP). [potion of cure mutation]
 25323 | Elf:1    | Lost mutation: You are somewhat resistant to further mutation. [potion of cure mutation]
 25360 | Elf:1    | Noticed Nikola
 25380 | Elf:1    | Noticed Erica
 25397 | Elf:1    | Killed Erica
 25896 | Elf:1    | Killed Nikola
 26261 | Elf:1    | HP: 5/127 [poisoned by a redback]
 26262 | Elf:1    | HP: 2/127 [poisoned by a redback]
 26263 | Elf:1    | Succumbed to a redback's poison

Action                   |  1- 3 |  4- 6 |  7- 9 | 10-12 | 13-15 || total
-------------------------+-------+-------+-------+-------+-------++-------
Melee: Unarmed           |    56 |   125 |   130 |  1515 |   373 ||  2199
       Spear             |       |    12 |   275 |    22 |       ||   309
Throw: Throwing net      |       |       |       |     6 |     3 ||     9
       Large rock        |       |       |       |     3 |       ||     3
 Cast: Beastly Appendage |    10 |     6 |       |       |       ||    16
       Sticks to Snakes  |     4 |       |       |    30 |    17 ||    51
       Spider Form       |     1 |    11 |    17 |   106 |    31 ||   166
       Blade Hands       |       |       |       |     3 |     7 ||    10
       Ice Form          |       |       |       |     1 |       ||     1
 Abil: End Transformatio |       |       |       |     1 |     2 ||     3
Evoke: Wand              |       |       |     3 |    13 |    19 ||    35
  Use: Potion            |     1 |     5 |     2 |    12 |     8 ||    28
       Scroll            |       |     3 |    12 |    18 |     8 ||    41
 Stab: Confused          |       |       |     2 |       |       ||     2
       Sleeping          |       |       |     2 |     1 |       ||     3
       Held in net/web   |       |       |       |     1 |     1 ||     2
       Invisible         |       |       |       |     1 |       ||     1
  Eat: Chunk             |     1 |     7 |    22 |    48 |    21 ||    99
       Beef jerky        |       |     1 |       |       |       ||     1
       Meat ration       |       |       |     1 |       |       ||     1
       Fruit             |       |       |       |     2 |       ||     2
